Map: Estação Rei Sejong ER

Players

TheZergLord - Winner!

  • Race: Zerg Zerg
  • League: Master
  • Spawn Location: 11:00

Swat

  • Race: Terran Terran
  • League: Diamond
  • Spawn Location: 5:00

VOD

Have the link to the VOD?

Description

Time

  • Played on: May 24, 2016, 2:56 p.m.
  • Length: 12:54
Show
View Real Time Build Order
Export as new Build Order

TheZergLord Zerg - Winner!

Build Orders: Hatch First 

Get SALT Encoding   

  12  0:01  Drone  
  13  0:14  Overlord  
  13  0:18  Drone  
  14  0:33  Drone x2  
  16  0:36  Drone  
  17  0:53  Hatchery  
  17  0:56  Drone  
  17  1:09  Spawning Pool  
  16  1:13  Drone  
  16  1:14  Extractor  
  16  1:18  Drone  
  17  1:21  Drone  
  18  1:29  Drone  
  19  1:41  Overlord  
  19  1:56  Queen  
  19  1:57  Zergling x2  
  22  2:04  Queen  
  22  2:06  Zergling x4  
  26  2:18  Metabolic Boost  
  26  2:21  Drone  
  26  2:22  Drone  
  28  2:25  Drone  
  29  2:39  Roach Warren  
  29  2:41  Spore Crawler  
  27  2:48  Zergling x8  
  32  2:53  Overlord  
  32  2:59  Drone  
  33  3:16  Overlord  
  33  3:18  Roach x2  
  33  3:19  Roach x2  
  41  3:26  Roach  
  43  3:35  Overlord  
  43  3:37  Roach  
  43  3:39  Drone x2  
  42  4:05  Hatchery  
  42  4:08  Drone  
  42  4:12  Drone  
  42  4:17  Drone x2  
  44  4:21  Drone  
  44  4:24  Drone  
  47  4:27  Drone  
  48  4:35  Overlord  
  48  4:36  Drone  
  49  4:46  Overlord  
  49  4:50  Drone x2  
  51  4:55  Overlord  
  51  5:00  Drone x3  
  51  5:03  Drone x2  
  51  5:05  Drone  
  51  5:06  Drone  
  58  5:32  Overlord  
  58  5:33  Queen  
  58  5:35  Lair  
  60  5:37  Drone x2  
  60  5:38  Drone x2, Evolution Chamber  
  60  5:39  Drone, Evolution Chamber  
  60  5:41  Extractor  
  64  5:43  Roach x2  
  66  6:03  Drone x12  
  78  6:07  Zerg Missile Weapons Level 1  
  78  6:16  Zerg Ground Armor Level 1  
  78  6:25  Overlord  
  77  6:26  Drone x5  
  77  6:27  Drone x2  
  84  6:33  Glial Reconstitution  
  84  6:35  Drone x4  
  86  6:50  Roach  
  86  6:51  Roach x2  
  86  6:53  Drone  
  93  6:55  Drone x3, Extractor x2  
  93  6:56  Drone  
  93  6:57  Extractor  
  93  6:58  Drone x3  
  93  6:59  Extractor, Overlord x3  
  93  7:00  Drone  
  97  7:24  Roach  
  97  7:25  Roach x9  
  97  7:27  Overlord x4  
  113  7:40  Queen  
  115  7:47  Drone  
  115  7:49  Infestation Pit, Roach x4  
  115  7:50  Roach x3  
  129  7:51  Ravager  
  129  7:52  Ravager  
  129  7:54  Overlord  
  131  8:06  Zerg Melee Weapons Level 1  
  131  8:09  Drone  
  132  8:14  Zerg Ground Armor Level 2  
  132  8:17  Roach x3  
  132  8:19  Roach x2  
  142  8:20  Hatchery  
  142  8:26  Overlord  
  141  8:30  Hive  
  141  8:31  Zergling x10  
  141  8:32  Zergling x2  
  147  8:37  Ravager  
  147  8:38  Ravager  
  149  8:43  Zergling x6  
  149  8:44  Zergling x8  
  149  8:45  Ravager  
  146  8:58  Roach  
  146  8:59  Roach x5  
  133  9:15  Overlord  
  133  9:18  Zergling x2  
  133  9:19  Zergling x14  
  133  9:20  Ravager x4  
  133  9:21  Ravager  
  146  9:37  Queen, Drone x13  
  161  9:42  Extractor  
  161  9:44  Extractor  
  159  9:49  Drone, Adrenal Glands  
  159  9:50  Ultralisk Cavern  
  159  9:51  Roach  
  159  9:52  Roach x4  
  169  9:56  Drone x2  
  171  10:00  Spine Crawler  
  171  10:01  Drone  
  171  10:02  Spine Crawler  
  170  10:11  Drone x2  
  170  10:13  Zerg Melee Weapons Level 2  
  172  10:15  Overlord x5  
  172  10:30  Drone  
  173  10:39  Chitinous Plating  
  173  10:41  Ultralisk x2  
  185  10:43  Hatchery  
  189  10:57  Ultralisk  
  189  11:04  Drone x2  
  191  11:06  Ultralisk  
  197  11:22  Ravager x2  
  197  11:23  Spire  
  198  11:42  Ravager x2  
  192  11:48  Hatchery  
  179  11:54  Ultralisk x3  
  186  12:07  Ultralisk  
  192  12:10  Zergling x16  
  200  12:41  Hatchery  
Show
View Real Time Build Order
Export as new Build Order

Swat Terran 

Build Orders: MMM Bio 

Get SALT Encoding   

  12  0:01  SCV  
  13  0:13  SCV  
  14  0:17  Supply Depot  
  14  0:25  SCV  
  15  0:39  SCV  
  15  0:40  Barracks  
  16  0:45  Refinery  
  16  0:51  SCV  
  17  1:03  Barracks  
  17  1:05  SCV  
  18  1:18  SCV  
  19  1:24  Supply Depot  
  19  1:32  Reaper  
  19  1:37  Orbital Command  
  20  1:50  Reaper  
  21  1:57  Refinery  
  21  2:03  SCV  
  21  2:05  Reaper  
  23  2:15  SCV  
  24  2:26  Command Center  
  24  2:30  SCV  
  25  2:45  Reaper x2  
  27  2:53  SCV  
  28  3:01  Command Center  
  28  3:17  SCV, Reaper  
  30  3:22  Barracks  
  30  3:23  Barracks Tech Lab  
  30  3:29  SCV  
  30  3:33  Barracks  
  31  3:41  SCV  
  28  4:00  SCV  
  28  4:05  Marine, Supply Depot  
  28  4:06  Stimpack, Barracks Reactor  
  29  4:10  Orbital Command  
  29  4:12  SCV  
  29  4:14  Orbital Command  
  29  4:16  Barracks Reactor  
  30  4:22  Marine  
  31  4:25  Bunker  
  31  4:29  Marine  
  32  4:31  Supply Depot  
  32  4:40  Marine  
  32  4:42  Factory  
  33  4:47  Marine  
  33  4:49  Marine  
  35  4:59  Marauder  
  37  5:00  Engineering Bay  
  37  5:05  Marine x3  
  40  5:23  Marine x6  
  46  5:32  SCV  
  47  5:38  Orbital Command  
  47  5:40  Marine  
  48  5:52  Marine x3  
  48  5:53  Marine, Marauder  
  53  5:59  Factory Reactor  
  53  6:01  Starport  
  53  6:04  SCV  
  53  6:05  SCV  
  53  6:06  Marine  
  53  6:10  Marine  
  57  6:11  Orbital Command, Marine x2  
  57  6:12  Marine  
  57  6:14  Marauder, Terran Infantry Weapons Level 1  
  57  6:16  SCV  
  57  6:17  SCV  
  64  6:20  Supply Depot  
  64  6:28  SCV  
  64  6:29  SCV  
  66  6:35  Marine x2  
  66  6:36  Marine x2  
  66  6:37  Barracks Tech Lab  
  70  6:43  Combat Shields, Marauder  
  72  6:51  SCV x3  
  75  6:54  Barracks  
  75  6:55  Marine x3  
  78  7:02  Medivac x2, Engineering Bay  
  78  7:05  SCV x2  
  78  7:06  SCV  
  85  7:11  Supply Depot  
  85  7:12  Supply Depot  
  85  7:13  Factory Reactor  
  85  7:17  SCV  
  84  7:28  Marine x2  
  85  7:31  Concussive Shells  
  85  7:32  Marine x3  
  85  7:33  Terran Infantry Armor Level 1, Liberator, Marauder  
  85  7:36  Armory  
  90  7:39  SCV x3  
  90  7:40  Supply Depot x2  
  93  7:46  Marine x2  
  93  7:48  Barracks Reactor  
  93  7:50  Medivac, Marine  
  101  8:01  Marine x2  
  101  8:02  SCV, Marauder  
  106  8:09  Marine x3  
  106  8:11  Widow Mine x2  
  113  8:18  SCV x2  
  113  8:19  Supply Depot x3  
  117  8:20  Marauder  
  117  8:21  Supply Depot  
  117  8:40  Medivac, Marine x6  
  117  8:41  Marine, Marauder  
  114  9:00  Marine  
  114  9:01  Marine x2, Marauder  
  106  9:04  Marine x3  
  106  9:05  Medivac, Marauder  
  98  9:13  Liberator  
  96  9:21  Factory Tech Lab  
  96  9:22  Barracks  
  96  9:23  Refinery, Marauder  
  96  9:24  SCV x3  
  100  9:25  Refinery  
  100  9:27  Refinery x2  
  104  9:36  SCV x2  
  106  9:44  SCV  
  107  9:49  Marine x5  
  107  9:50  Marine x2  
  107  9:51  Marauder  
  116  9:54  Viking  
  116  9:59  Ghost Academy  
  118  10:03  Barracks  
  118  10:05  SCV x3, Liberator  
  118  10:06  Starport  
  118  10:07  Marine x3  
  121  10:08  Marine x3, Marauder  
  121  10:11  Marine  
  121  10:12  Supply Depot  
  130  10:16  Supply Depot  
  130  10:17  SCV  
  130  10:19  Command Center  
  130  10:21  SCV x2, Supply Depot  
  133  10:23  Siege Tank  
  133  10:24  Marine  
  133  10:25  Marine x3  
  143  10:35  Marine  
  143  10:36  Marine x2  
  143  10:37  Marauder  
  148  10:48  Marine x3  
  148  10:49  Marine  
  152  10:52  Terran Vehicle Weapons Level 1  
  152  10:54  Marauder  
  154  10:58  Marauder  
  156  11:05  Marine x2  
  156  11:06  Marine  
  156  11:07  Starport Reactor  
  156  11:08  Barracks Tech Lab  
  156  11:11  Siege Tank  
  156  11:14  Marine x2  
  156  11:15  Marine  
  156  11:16  Marauder  
  164  11:19  Marauder  
  164  11:21  Personal Cloaking  
  164  11:23  Marine x2  
  164  11:24  Ghost Academy  
  168  11:34  Supply Depot  
  168  11:37  Marauder  
  169  11:41  Marine x5  
  169  11:42  Marauder x2  
  149  11:58  Marauder  
  150  12:01  Marine  
  150  12:02  Marine x3  
  150  12:03  Marauder  
  150  12:04  Marauder  
  128  12:18  Marine  
  128  12:19  Marine x2  
  128  12:20  Marauder  
  128  12:21  Medivac x2  
  139  12:25  Marauder  
  139  12:26  SCV x3  
  143  12:32  Marine x4  
  140  12:38  SCV x2  
Tags
 
Add a new tag
Caveats
  • Supply blocks, unpowered buildings, or Contaminate may cause inaccurate times.
  • Supply counts are checked every 10 seconds.